cohdb
Replays
Latest Replays
All Replays
Popular Replays
Top Player Replays
Match Explorer
How It Works
Community
CoH3 Stats
Reddit
Sign in to upload your games and track your stats! →
Sign in with Steam
Classic Wrebbs & Plammx All Chat
Match 32487405
Overview
Messages
Build Orders
End
Panzergrenadier Squad
Panzergrenadier Squad
Construct Light Support Kompanie
2.5-tonne Medical Truck
Selects Italian Infantry
Fire Support Elements
le.IG 18 Mechanized Group
Pak 38 Anti-tank Gun Team
Selects Guastatori Squad
Guastatori Squad
Construct Panzerarmee Kommand
Panzer III L Medium Tank
Panzer III L Medium Tank
Foehamm0r
Der Schmürgl0r
[82AD] ulT1Mate
Jimmy
LeeInfy
PlammX
Looking For Jimmy
JohnsonGiver
0
0
Comments
sign in to comment!
No comments posted yet!